 Dungeon Crawl Stone Soup version 0.26-a0-812-g31a745ddcd (webtiles) character file.

Game seed: 9911972967969315118

129311 dolemite99 the Spear-Bearer (level 17, 0/128 HPs)
             Began as a Merfolk Venom Mage on Nov 12, 2020.
             Was a High Priest of Vehumet.
             Slain by an emperor scorpion (8 damage)
             ... on level 2 of the Lair of Beasts on Nov 14, 2020.
             The game lasted 01:42:07 (51934 turns).

dolemite99 the Spear-Bearer (Merfolk Venom Mage)   Turns: 51934, Time: 01:42:08

Health: 0/128      AC: 25    Str: 14    XL:     17   Next: 5%
Magic:  25/25      EV: 16    Int: 18    God:    Vehumet [*****.]
Gold:   566        SH: 13    Dex: 15    Spells: 3/27 levels left

rFire    . . .     SeeInvis +   a - +1 trident (vamp)
rCold    . . .     Faith    .   S - +2 kite shield {AC+3}
rNeg     . . .     Spirit   .   V - +5 ring mail "Pitosiut" {+Blink MR+ Slay+3}
rPois    +         Reflect  .   U - +2 helmet {SInv}
rElec    .         Harm     .   v - +1 cloak
rCorr    .         Rampage  .   M - +2 pair of gloves {Str+3}
MR       ++...                  q - +2 pair of boots
Stlth    +.........             y - amulet of magic regeneration
HPRegen  0.31/turn              E - ring of wizardry
MPRegen  0.44/turn              f - ring of poison resistance

@: berserk cooldown
A: change form in water, swift swim, stealthy swim
a: Renounce Religion, Evoke Blink


You were on level 2 of the Lair of Beasts.
You worshipped Vehumet.
Vehumet was extremely pleased with you.
You visited 5 branches of the dungeon, and saw 26 of its levels.
You also visited: Ossuary.

You collected 2624 gold pieces.
You spent 2058 gold pieces at shops.

Inventory:

Hand Weapons
 a - a +1 vampiric trident (weapon)
 b - a +4 hunting sling of flaming
 Y - a +9 halberd of draining
Missiles
 d - 878 stones (quivered)
Armour
 q - a +2 pair of boots (worn)
 v - a +1 cloak (worn)
 M - a +2 pair of gloves of strength (worn)
 S - a +2 kite shield of protection (worn)
 U - a +2 helmet of see invisible (worn)
 V - the +5 ring mail "Pitosiut" (worn) {+Blink MR+ Slay+3}
   (You found it on level 2 of the Lair of Beasts)

   It affects your accuracy and damage with ranged weapons and melee attacks
   (+3).
   It affects your resistance to hostile enchantments.
   It lets you blink.
Magical Staves
 L - an uncursed staff of earth
 N - an uncursed staff of cold
 Q - an uncursed staff of fire
Jewellery
 f - a ring of poison resistance (right hand)
 i - a +4 ring of evasion
 m - a +6 ring of strength
 n - an uncursed ring of protection from cold
 r - an uncursed ring of see invisible
 y - an amulet of magic regeneration (around neck)
 E - a ring of wizardry (left hand)
Wands
 F - a wand of flame (58)
 R - a wand of enslavement (8)
 W - a wand of random effects (42)
 X - a wand of polymorph (46)
Scrolls
 g - a scroll of brand weapon
 h - 2 scrolls of amnesia
 k - a scroll of magic mapping
 s - 5 scrolls of remove curse {@r2}
 u - 9 scrolls of identify {@r1}
 H - 4 scrolls of immolation
 K - 2 scrolls of enchant weapon
 Z - 4 scrolls of fog
Potions
 c - 5 potions of flight
 j - a potion of berserk rage
 l - 2 potions of magic
 o - 2 potions of attraction
 x - 3 potions of brilliance
 z - 2 potions of curing
 A - 6 potions of lignification
 I - 3 potions of ambrosia
 J - 4 potions of cancellation
 O - a potion of resistance
Miscellaneous
 t - a lightning rod (inert)
 C - a tin of tremorstones (inert)
 G - a condenser vane (inert)
 T - a box of beasts (inert)


   Skills:
 - Level 10.0 Fighting
 - Level 12.1(12.6) Polearms
 - Level 3.6(5.9) Staves
 - Level 5.0 Slings
 - Level 4.6 Armour
 - Level 11.0 Dodging
 - Level 2.1 Stealth
 + Level 9.8 Shields
 - Level 5.9 Spellcasting
 - Level 5.8 Conjurations
 - Level 9.5 Hexes
 - Level 11.1 Transmutations
 - Level 9.8 Ice Magic
 - Level 6.3 Air Magic
 - Level 10.6 Poison Magic
 - Level 8.3 Evocations


You had 3 spell levels left.
You knew the following spells:

 Your Spells              Type           Power        Failure   Level
a - Olgreb's Toxic Radia  Pois           #####...     1%          4
b - Metabolic Englaciati  Hex/Ice        #####.....   10%         5
c - Ignite Poison         Fire/Tmut/Pois ####....     1%          3
d - Hailstorm             Conj/Ice       ####....     2%          4
e - Mephitic Cloud        Conj/Pois/Air  ####....     1%          3
f - Yara's Violent Unrav  Hex/Tmut       #####.....   2%          5

Your spell library contained the following spells:

 Spells                   Type           Power        Failure   Level
 Conjure Ball Lightning   Conj/Air       ####......   45%         6
 Sting                    Tmut/Pois      ####         1%          1
 Poisonous Vapours        Pois/Air       #####.       1%          2
 Confusing Touch          Hex            #####...     1%          3
 Passwall                 Tmut/Erth      ####....     2%          2
 Conjure Flame            Conj/Fire      ###.....     4%          3
 Stone Arrow              Conj/Erth      ###...       4%          3
 Sandblast                Erth           #.....       5%          1
 Gell's Gravitas          Tloc           #.........   45%         3
 Petrify                  Tmut/Erth      ####....     19%         4
 Freezing Cloud           Conj/Ice/Air   ####......   32%         6
 Lee's Rapid Deconstruct  Erth           #.........   71%         5


Dungeon Overview and Level Annotations

Branches:
Dungeon (15/15)            Temple (0/1) D:7            Lair (6/6) D:9
  Swamp (1/4) Lair:2       Spider (2/4) Lair:2        Slime (0/5) Lair:6
    Orc (2/2) D:12            Elf (0/3) Orc:2        Vaults (0/5) D:14
 Depths (0/5) D:15        Ossuary (visited)

Altars:
Ashenzari
Cheibriados
Dithmenos
Gozag
Ru
Sif Muna
Trog
Uskayaw
Vehumet
Wu Jian
Xom
Zin
The Shining One
Beogh

Shops:
D:4 ([[}*   D:12 *   D:14 *[   D:15 ?   Orc:1 :   Orc:2 *[(*

Annotations:
D:10 2 runed translucent doors
Lair:4 exclusion: oklob plant
Lair:6 2 transporters, ahrsahrtis's ghost, journeyman MfGl


Message History

The emperor scorpion is severely wounded.
The emperor scorpion misses you. The emperor scorpion claws you.
* * * LOW HITPOINT WARNING * * *
You block the emperor scorpion's attack.
You hit the emperor scorpion but do no damage.
The emperor scorpion is severely wounded.
You puncture the emperor scorpion!
You feel better.
The emperor scorpion is severely wounded.
The emperor scorpion closely misses you. x2
You block the emperor scorpion's attack.
You closely miss the emperor scorpion.
The emperor scorpion is severely wounded.
The emperor scorpion stings you but does no damage.
The emperor scorpion claws you.
* * * LOW HITPOINT WARNING * * *
The emperor scorpion barely misses you.
You closely miss the emperor scorpion.
The emperor scorpion is severely wounded.
The emperor scorpion stings you!
You die...

##.###......#......#......# ##.#.
.##..#.....##.....#.......####.#.
............######...............
.............#.#.#.#.............
.................................
........................(........
...........#.#######.............
............##...s##.............
.##..........##.@..###.P##P##..#.
..............#......#.##########
...........#..##^..^.####......##
......#....##..##..^..##.......#.
......#....#....##..^^.##......##
......#....#########^^.........##
###.###.....###..#####....###..##
.....................##...#.##.#.
......................#..........


You could see an emperor scorpion.

Vanquished Creatures
  Saint Roka (Orc:2)
  An emperor scorpion (Spider:1)
  3 orc warlords
  2 entropy weavers
  2 bunyips (Lair:2)
  An ogre mage (D:15)
  5 boulder beetles
  3 centaur warriors
  2 catoblepae
  8 hydras
  9 two-headed ogres
  3 death yaks (D:9)
  2 orc high priests
  A tengu warrior (D:14)
  2 skeletal warriors
  Sonja (D:12)
  3 unseen horrors
  A wolf spider zombie (D:15)
  A wizard (D:15)
  5 orc knights
  4 orb spiders
  A deep elf mage (D:13)
  6 cyclopes
  8 orc sorcerers
  7 ugly things
  7 wolf spiders
  2 manticores
  A moth of wrath (Spider:1)
  8 elephants
  7 centaur zombies
  3 black mambas
  14 cane toads
  3 gargoyles
  A naga mage (D:15)
  2 torpor snails (Spider:1)
  5 rime drakes (Lair:4)
  An efreet (D:13)
  A demonic crawler (Spider:1)
  9 komodo dragons
  A komodo dragon (shapeshifter) (D:14)
  A redback zombie (D:14)
  Eustachio (D:6)
  17 jumping spiders
  A harpy zombie (D:15)
  A hornet (shapeshifter) (D:14)
  A troll (D:10)
  2 dream sheep (Lair:6)
  8 polar bears
  A tyrant leech (Lair:2)
  5 hornets (Lair:6)
  9 slime creatures
  8 blink frogs
  32 redbacks
  12 spriggans (Lair:6)
  A centaur simulacrum (D:14)
  3 wraiths
  11 tarantellas
  A vampire (D:14)
  A human (shapeshifter) (D:14)
  7 basilisks
  10 wyverns
  62 yaks
  6 vampire mosquitoes
  6 wargs
  An acid dragon (D:12)
  14 water moccasins
  5 swamp worms (Lair:2)
  6 ice beasts
  54 orc warriors
  6 sky beasts
  8 black bears
  2 eyes of draining
  3 necrophages
  3 phantoms
  3 boggarts (Lair:6)
  41 wolves
  14 centaurs
  17 ogres
  A big kobold (D:14)
  2 gnoll sergeants
  17 bullfrogs
  3 wyvern zombies
  5 scorpions
  12 killer bees
  11 wights
  3 howler monkeys
  3 vampire bats (D:12)
  2 electric eels (Lair:1)
  A bullfrog zombie (D:11)
  2 quasits
  6 centaur skeletons
  2 hounds
  7 jellies
  Crazy Yiuf (D:2)
  4 bullfrog skeletons
  39 orc priests
  A gnoll shaman (D:8)
  34 orc wizards
  Jessica (D:2)
  8 iguanas
  Ijyb (D:3)
  Terence (D:3)
  10 worker ants
  A hell rat (Lair:4)
  A hound zombie (D:10)
  A howler monkey zombie (D:8)
  5 mummies (D:15)
  22 gnolls
  21 adders
  A shadow imp (D:7)
  9 white imps
  3 ufetubi
  3 oozes
  7 worms
  3 adder skeletons
  2 adder zombies
  3 dart slugs
  7 leopard geckos
  155 orcs
  14 bats
  7 giant cockroaches
  8 goblins
  7 hobgoblins
  8 jackals
  4 quokkas
  3 ball pythons (D:3)
  7 frilled lizards
  2 giant cockroach zombies (D:5)
  A hobgoblin skeleton (Ossuary)
  7 kobolds
  A kobold zombie (Ossuary)
  4 orc skeletons (Ossuary)
  2 orc zombies (Ossuary)
  6 rats
  2 butterflies (Lair:1)
1035 creatures vanquished.

Vanquished Creatures (collateral kills)
  2 cane toads
  2 demonic crawlers (Spider:1)
  A slime creature (D:13)
  Sigmund (D:6)
  A wolf (Lair:1)
  A centaur (D:6)
  An ooze (Lair:6)
9 creatures vanquished.

Vanquished Creatures (others)
  A blink frog (Lair:6)
  2 wyverns (Lair:4)
  A hell rat (Lair:4)
  48 fungi
  65 plants
  2 withered plants (D:15)
119 creatures vanquished.

Grand Total: 1163 creatures vanquished

Notes
Turn   | Place    | Note
-------+----------+-------------------------------------------
     0 | D:1      | dolemite99 the Merfolk Venom Mage began the quest for the
                  | Orb.
     0 | D:1      | Reached XP level 1. HP: 13/13 MP: 3/3
   386 | D:1      | Reached XP level 2. HP: 19/19 MP: 0/5
   855 | D:1      | Learned a level 1 spell: Sting
   858 | D:1      | Learned a level 2 spell: Poisonous Vapours
  1775 | D:2      | Reached XP level 3. HP: 21/24 MP: 1/6
  2297 | D:2      | Reached skill level 5 in Transmutations
  2297 | D:2      | Reached XP level 4. HP: 30/30 MP: 4/7
  2392 | D:2      | Learned a level 3 spell: Mephitic Cloud
  2753 | D:2      | Found a runed translucent door.
  2754 | D:2      | Noticed Crazy Yiuf
  2864 | D:2      | Noticed Jessica
  2872 | D:2      | Killed Jessica
  3216 | D:2      | Killed Crazy Yiuf
  3216 | D:2      | Reached XP level 5. HP: 18/35 MP: 1/8
  3583 | D:2      | Reached skill level 5 in Poison Magic
  3861 | D:3      | Noticed Ijyb
  3866 | D:3      | Paralysed by Ijyb for 4 turns
  3873 | D:3      | Killed Ijyb
  4199 | D:3      | Reached XP level 6. HP: 27/41 MP: 2/9
  5493 | D:3      | Reached skill level 1 in Air Magic
  5496 | D:3      | Noticed Terence
  5500 | D:3      | Found a radiant altar of Vehumet.
  5519 | D:3      | Killed Terence
  5545 | D:3      | Became a worshipper of Vehumet
  5567 | D:3      | Found a sacrificial altar of Ru.
  5568 | D:3      | Found a shadowy altar of Dithmenos.
  5978 | D:3      | Reached skill level 1 in Fighting
  6124 | D:4      | Found Qurghulunt's General Store.
  6131 | D:4      | Reached XP level 7. HP: 47/49 MP: 0/10
  6291 | D:4      | Bought a potion of curing for 33 gold pieces
  6291 | D:4      | Bought a wand of iceblast (6) for 110 gold pieces
  6413 | D:4      | Found Gahur's Gadget Emporium.
  6848 | D:4      | Reached * piety under Vehumet
  6848 | D:4      | Offered knowledge of Shock by Vehumet.
  7207 | D:4      | Found Efubudax's Weapon Boutique.
  7678 | D:4      | Found Oqairer's Antique Armour Boutique.
  7752 | D:4      | Reached skill level 5 in Fighting
  8234 | D:4      | Found Duisut's Armour Shoppe.
  8404 | D:4      | Found a shimmering altar of Xom.
  8428 | D:4      | Bought a +0 helmet of see invisible for 126 gold pieces
  8439 | D:4      | Learned a level 4 spell: Olgreb's Toxic Radiance
  8453 | D:5      | Entered Level 5 of the Dungeon
  8469 | D:5      | Reached XP level 8. HP: 58/62 MP: 2/11
  8592 | D:5      | Found a sand-covered staircase.
  8601 | D:5      | Reached ** piety under Vehumet
  8609 | Ossuary  | Entered an ossuary
  8676 | Ossuary  | Offered knowledge of Sandblast by Vehumet.
  8725 | Ossuary  | Reached skill level 1 in Staves
  8759 | Ossuary  | Noticed a wraith
  8759 | Ossuary  | Noticed a flying skull
  8765 | Ossuary  | Noticed a flying skull
  8801 | Ossuary  | Noticed a wraith
  8829 | Ossuary  | Killed a wraith
  9124 | Ossuary  | Noticed a flying skull
  9150 | Ossuary  | Noticed a wraith
  9154 | Ossuary  | Killed a wraith
  9164 | Ossuary  | Noticed a flying skull
  9190 | Ossuary  | Reached skill level 1 in Polearms
  9261 | D:5      | Reached skill level 3 in Polearms
  9262 | D:5      | Reached skill level 4 in Polearms
  9323 | D:5      | Reached skill level 5 in Polearms
  9607 | D:5      | Found a glowing golden altar of the Shining One.
  9640 | D:5      | Found a broken altar of Ashenzari.
  9808 | D:5      | Reached skill level 6 in Polearms
  9812 | D:5      | Reached XP level 9. HP: 60/68 MP: 5/12
 10133 | D:5      | Offered knowledge of Searing Ray by Vehumet.
 10222 | D:5      | Found an opulent altar of Gozag.
 10287 | D:5      | Reached skill level 7 in Polearms
 10290 | D:5      | Found a shimmering blue altar of Sif Muna.
 10440 | D:6      | Noticed Eustachio
 10452 | D:6      | Noticed Sigmund
 10464 | D:6      | Killed Sigmund
 10464 | D:6      | Reached skill level 8 in Polearms
 10484 | D:6      | Killed Eustachio
 10484 | D:6      | Reached skill level 9 in Polearms
 10645 | D:6      | Reached skill level 1 in Evocations
 11326 | D:6      | Reached *** piety under Vehumet
 11777 | D:7      | Found a hide-covered altar of Uskayaw.
 11831 | D:7      | Found a glowing silver altar of Zin.
 11880 | D:7      | Found a staircase to the Ecumenical Temple.
 12190 | D:7      | Identified a scroll of acquirement
 12190 | D:7      | Acquired a +0 pair of gloves of strength
 12248 | D:7      | Found an ornate altar of the Wu Jian Council.
 12252 | D:7      | Offered knowledge of Sticky Flame by Vehumet.
 12435 | D:7      | Reached skill level 5 in Air Magic
 12435 | D:7      | Reached XP level 10. HP: 74/74 MP: 13/13
 12523 | D:7      | Found a bloodstained altar of Trog.
 13157 | D:8      | Reached **** piety under Vehumet
 14406 | D:4      | Offered knowledge of Hailstorm by Vehumet.
 14430 | D:4      | Bought a wand of disintegration (13) for 204 gold pieces
 14439 | D:4      | Learned a level 4 spell: Hailstorm
 14533 | D:9      | Reached skill level 1 in Ice Magic
 14803 | D:9      | Noticed a death yak
 14824 | D:9      | Killed a death yak
 14824 | D:9      | Reached skill level 5 in Ice Magic
 15081 | D:9      | Noticed a death yak
 15111 | D:9      | Killed a death yak
 15504 | D:9      | Noticed a death yak
 15528 | D:9      | Killed a death yak
 15528 | D:9      | Reached XP level 11. HP: 40/79 MP: 2/14
 15640 | D:9      | Found a staircase to the Lair.
 15802 | D:9      | Reached skill level 1 in Conjurations
 16037 | D:9      | Found a shimmering altar of Xom.
 16329 | D:9      | Found a snail-covered altar of Cheibriados.
 16516 | D:10     | Entered Level 10 of the Dungeon
 16800 | D:10     | Found a large runed translucent door.
 16800 | D:10     | Noticed an unseen horror
 16801 | D:10     | Found a large runed translucent door.
 16801 | D:10     | Noticed a cyclops
 16907 | D:10     | Killed a cyclops
 17203 | D:10     | Noticed a boulder beetle
 17235 | D:10     | Killed a boulder beetle
 17287 | D:10     | Killed an unseen horror
 17287 | D:10     | Reached ***** piety under Vehumet
 17287 | D:10     | Reached skill level 5 in Conjurations
 17950 | D:10     | Offered knowledge of Airstrike by Vehumet.
 18100 | D:10     | Found a roughly hewn altar of Beogh.
 18474 | D:10     | Learned a level 3 spell: Ignite Poison
 18773 | D:4      | Bought 14 sling bullets for 77 gold pieces
 18797 | D:4      | Bought a wand of iceblast (8) for 144 gold pieces
 18928 | Lair:1   | Entered Level 1 of the Lair of Beasts
 18969 | Lair:1   | Reached skill level 1 in Slings
 19269 | Lair:1   | Reached XP level 12. HP: 86/86 MP: 2/17
 20335 | Lair:2   | Got a scorched ring mail
 20467 | Lair:2   | Reached skill level 5 in Slings
 20543 | Lair:2   | Found a hole to the Spider Nest.
 20685 | Lair:2   | Reached skill level 5 in Dodging
 21052 | Lair:2   | Noticed a six-headed hydra
 21073 | Lair:2   | Killed a six-headed hydra
 22400 | Lair:2   | Noticed a five-headed hydra
 22404 | Lair:2   | Noticed an eight-headed hydra
 22419 | Lair:2   | Killed an eight-headed hydra
 22449 | Lair:2   | Killed a five-headed hydra
 22449 | Lair:2   | Reached skill level 10 in Dodging
 22798 | Lair:2   | Found a staircase to the Swamp.
 24425 | Lair:3   | Identified the +5 ring mail "Pitosiut" {+Blink MR+ Slay+3}
                  | (You found it on level 2 of the Lair of Beasts)
 24603 | Lair:3   | Reached XP level 13. HP: 93/93 MP: 18/18
 24615 | Lair:3   | Reached skill level 1 in Armour
 26316 | Lair:4   | Offered knowledge of Spellforged Servitor by Vehumet.
 27983 | Lair:4   | Found a radiant altar of Vehumet.
 28962 | Lair:5   | Reached XP level 14. HP: 106/106 MP: 5/19
 29878 | Lair:5   | You fall into a shaft and drop 1 floor!
 29878 | Lair:6   | Entered Level 6 of the Lair of Beasts
 30106 | Lair:6   | Reached skill level 10 in Transmutations
 30601 | Lair:6   | Reached skill level 10 in Poison Magic
 31160 | Lair:6   | Offered knowledge of Lightning Bolt by Vehumet.
 31173 | Lair:6   | Found a staircase to the Slime Pits.
 31300 | Lair:6   | Found a transporter.
 31318 | Lair:6   | Noticed ahrsahrtis's ghost (journeyman MfGl)
 31600 | Lair:6   | Found a transporter.
 31798 | Lair:6   | Reached skill level 10 in Polearms
 33103 | D:11     | Reached skill level 11 in Polearms
 33729 | D:4      | Bought a condenser vane for 480 gold pieces
 33838 | D:12     | Noticed Nessos
 33839 | D:12     | Noticed Nessos
 33839 | D:12     | Nessos changed into Nessos the manticore
 33842 | D:12     | Killed Nessos the manticore
 34370 | D:12     | Noticed Sonja
 34372 | D:12     | Killed Sonja
 34372 | D:12     | Reached skill level 5 in Spellcasting
 34462 | D:12     | Found a staircase to the Orcish Mines.
 35072 | D:12     | Found Naogg's General Store.
 35094 | D:12     | Learned a level 5 spell: Yara's Violent Unravelling
 35290 | Orc:1    | Entered Level 1 of the Orcish Mines
 35395 | Orc:1    | Found Inisunk's Book Boutique.
 35430 | Orc:1    | Reached skill level 1 in Hexes
 35904 | Orc:1    | Noticed an orc warlord
 36218 | Orc:1    | Killed an orc warlord
 36218 | Orc:1    | Reached XP level 15. HP: 36/115 MP: 1/23
 36660 | Orc:1    | Offered knowledge of Ozocubu's Refrigeration by Vehumet.
 37106 | Orc:1    | Reached skill level 5 in Hexes
 37252 | Orc:1    | Found a roughly hewn altar of Beogh.
 37861 | Orc:2    | Entered Level 2 of the Orcish Mines
 37866 | Orc:2    | Noticed an orc warlord
 38190 | Orc:2    | Killed an orc warlord
 38256 | Orc:2    | Noticed an orc warlord
 38346 | Orc:2    | Found a staircase to the Elven Halls.
 38365 | Orc:2    | Killed an orc warlord
 38715 | Orc:2    | Offered knowledge of Freezing Cloud by Vehumet.
 39256 | Orc:2    | Found a roughly hewn altar of Beogh.
 39300 | Orc:2    | Found Vuihavye's General Store.
 39382 | Orc:2    | Found a roughly hewn altar of Beogh.
 39523 | Orc:2    | Noticed Saint Roka
 40029 | Orc:2    | Reached skill level 5 in Evocations
 40061 | Orc:2    | Found a roughly hewn altar of Beogh.
 40064 | Orc:2    | Found Zeajompu's General Store.
 40072 | Orc:2    | Bought a potion of might for 44 gold pieces
 40118 | Orc:2    | Killed Saint Roka
 40365 | Orc:2    | Found Reunkyte's Antique Weapon Boutique.
 40367 | Orc:2    | Found a roughly hewn altar of Beogh.
 40371 | Orc:2    | Found Ziom's Antique Armour Shop.
 40889 | D:4      | Bought a box of beasts for 480 gold pieces
 40889 | D:4      | Bought a lightning rod (4/4) for 360 gold pieces
 42752 | D:13     | Offered knowledge of Lee's Rapid Deconstruction by Vehumet.
 43714 | D:14     | Found Esar's Antique Armour Shoppe.
 43883 | D:14     | Reached XP level 16. HP: 122/122 MP: 21/24
 44175 | D:14     | Found Puisec's General Store.
 44669 | D:14     | Found a gate to the Vaults.
 45343 | D:14     | Reached skill level 10 in Fighting
 46032 | D:14     | Upgraded the game from 0.26-a0-800-g517d6fe721 to
                  | 0.26-a0-812-g31a745ddcd
 46038 | D:14     | Learned a level 5 spell: Metabolic Englaciation
 46057 | D:15     | Entered Level 15 of the Dungeon
 46740 | D:15     | Found Laerar's Magic Scroll Shop.
 46772 | D:15     | Offered knowledge of Conjure Ball Lightning by Vehumet.
 46861 | D:15     | Reached skill level 12 in Polearms
 47457 | D:15     | Reached skill level 1 in Shields
 47574 | D:15     | Paralysed by an orc sorcerer for 3 turns
 47675 | D:15     | Found a staircase to the Depths.
 48138 | Spider:1 | Entered Level 1 of the Spider Nest
 48142 | Spider:1 | Reached skill level 5 in Shields
 50230 | Swamp:1  | Entered Level 1 of the Swamp
 51097 | Spider:2 | Reached XP level 17. HP: 128/128 MP: 21/25
 51114 | Spider:1 | HP: 4/128 [emperor scorpion (23)]
 51921 | Lair:2   | HP: 6/128 [emperor scorpion (4)]
 51934 | Lair:2   | Slain by an emperor scorpion

Illustrated notes

Levels and vault maps discovered:
D:1:      giann_forest_graveyard, layout_basic
D:2:      layout_loops_ring, hangedman_decor_points, uniq_jessica,
          uniq_crazy_yiuf_cottage
D:3:      minmay_wonky_spiral, layout_rooms, vehumet_crystals,
          gammafunk_temple_overflow_statue, minmay_stone_trees_small,
          uniq_terence, uniq_ijyb
D:4:      layout_loops_ring, serial_shops, shop_fountains, shop_coins,
          nicolae_shop_trees, shop, shop, gup_sewer_entry_pipe,
          lemuel_tele_altar
D:5:      layout_basic, tso_metal_star, kennysheep_mini, marbit_many_paths,
          nicolae_ashenzari_panopticon, enter_ossuary_3, chequers_garden
D:6:      layout_basic, corexii_corridor_pit, uniq_sigmund, uniq_eustachio
D:7:      layout_basic, kennysheep_mini_moat, nicolae_overflow_crystal_walls,
          old_standard_altar, lemuel_crystal_altar, minmay_temple_entry_slanted
D:8:      minmay_skewed_foursquare, layout_layer_cave,
          hangedman_abyss_or_decor_lesser_grid
D:9:      layout_loops_ring, slow_altar_2, tgw_xom, dpeg_lair_monsters,
          grunt_ministairs_1
D:10:     layout_roguey [special_room_orc], hangedman_glass_teeth,
          jmf_multi_god_temple2
D:11:     layout_rooms
D:12:     layout_roguey, orc_0_dummy, serial_shops, shop_fountains,
          roderic_batcave, uniq_nessos, uniq_sonja
D:13:     layout_layer_cave, dk_noncrumbling_4, kennysheep_small_circle
D:14:     layout_stronghold, skrybe_vaults_entry_preservation, serial_ice,
          serial_ice_d, serial_ice_g, serial_ice_o, serial_ice_n, serial_ice_e,
          serial_ice_l, serial_ice_h, serial_shops, shop, shop_statue
D:15:     grunt_enter_depths_magical_seal, layout_long_grid, serial_undead,
          serial_undead_a, serial_undead_e, serial_undead_e, serial_undead_f,
          serial_undead_d, serial_undead_d, serial_shops, shop
Lair:1:   layout_concentric_octagons, lemuel_fruit_fields, serial_bayou_shore_a,
          infiniplex_staircase_pool_2, grunt_megastairs_4
Lair:2:   layout_regular_city, palyth_hydra_swamp_entry,
          spider_nest_entry_funnel_web, nicolae_volcano_entry_lava_flow,
          beast_lair_carwin_2
Lair:3:   layout_cave_pods, serial_rivers, chequers_serial_rivers_small_a,
          chequers_serial_rivers_small_3, chequers_serial_rivers_micro_c,
          chequers_serial_rivers_micro_b
Lair:4:   layout_cave_pods, special_room [special_room_mythical_zoo],
          lemuel_oklob_altar
Lair:5:   layout_cave_pods, hibernation_bobbens, serial_bayou_shore_b,
          infiniplex_staircase_pool, grunt_megastairs_5, lemuel_fruit_tree
Lair:6:   minmay_lair_end_enchanted_forest, layout_regular_city,
          nicolae_slime_entry_slimehenge, gammafunk_ghost_berserking_beasts,
          chequers_serial_rivers_micro_d
Swamp:1:  layout_basic_swamp, hangedman_swamp_ruin_hall, swamp_pool1
Spider:1: layout_spider_delve
Spider:2: layout_spider_delve
Orc:1:    orc_temple, layout_caves, serial_shops, shop_statue
Orc:2:    grunt_orc_community_town_hall, layout_caves,
          grunt_orc_community_big_house_1, grunt_orc_community_big_house_1,
          grunt_orc_community_house_1, grunt_orc_community_house_1,
          grunt_orc_community_house_3, grunt_orc_community_house_3,
          grunt_orc_community_house_3, grunt_orc_community_house_2

Skill      XL: |  1  2  3  4  5  6  7  8  9 10 11 12 13 14 15 16 |
---------------+-------------------------------------------------+-----
Transmutations | 2 4 5 6 9 11 | 11.1
Poison Magic   | 4 5 6 7 9 10 | 10.6
Air Magic      | 1 5 6 |  6.3
Dodging        | 3 10 11 | 11.0
Fighting       | 1 5 6 8 9 10 | 10.0
Staves         | 3 |  3.6
Polearms       | 6 9 11 12 | 12.1
Evocations     | 2 7 8 |  8.3
Ice Magic      | 9 |  9.8
Conjurations   | 5 |  5.8
Spellcasting   | 3 5 |  5.9
Slings         | 3 5 |  5.0
Armour         | 4 |  4.6
Hexes          | 3 9 |  9.5
Shields        | 9 |  9.8
Stealth        | |  2.1

Action                   |  1- 3 |  4- 6 |  7- 9 | 10-12 | 13-15 | 16-18 || total
-------------------------+-------+-------+-------+-------+-------+-------++-------
Melee: Club              |    11 |       |       |       |       |       ||    11
       Dagger            |     5 |    15 |       |       |       |       ||    20
       Short sword       |       |     1 |       |       |       |       ||     1
       Quarterstaff      |       |       |    38 |       |       |       ||    38
       Halberd           |       |       |   110 |   217 |   129 |    56 ||   512
       Spear             |       |       |    14 |       |       |       ||    14
       Staff             |       |       |       |     1 |       |       ||     1
       Trident           |       |       |       |       |     4 |   199 ||   203
       Tailslap          |       |       |       |       |       |     1 ||     1
 Fire: Hunting sling     |       |    88 |    98 |   155 |   808 |   316 ||  1465
Throw: Stone             |       |     5 |    15 |    25 |    11 |     5 ||    61
       Javelin           |       |     4 |    25 |    13 |       |       ||    42
       Dart              |       |       |       |    46 |    48 |     1 ||    95
 Cast: Sting             |    47 |    45 |    32 |       |       |       ||   124
       Poisonous Vapours |       |    24 |    54 |   107 |   242 |       ||   427
       Olgreb's Toxic Ra |       |       |     1 |    29 |   131 |    66 ||   227
       Mephitic Cloud    |       |       |       |     1 |     9 |     6 ||    16
       Hailstorm         |       |       |       |    18 |    15 |     5 ||    38
       Ignite Poison     |       |       |       |    12 |    87 |    41 ||   140
       Metabolic Englaci |       |       |       |       |       |     9 ||     9
Evoke: Wand              |       |     1 |    24 |    59 |    34 |     8 ||   126
       Tin of tremorston |       |       |       |       |     5 |     3 ||     8
       Condenser vane    |       |       |       |       |     2 |     3 ||     5
       Box of beasts     |       |       |       |       |     1 |     3 ||     4
       Lightning rod     |       |       |       |       |       |    13 ||    13
  Use: Scroll            |     4 |     1 |    14 |    15 |    14 |     6 ||    54
       Potion            |       |       |     1 |       |     7 |    19 ||    27
 Stab: Paralysed         |       |     4 |       |     5 |     3 |       ||    12
       Petrified         |       |       |     8 |       |       |       ||     8
       Sleeping          |       |       |     7 |       |       |       ||     7
       Petrifying        |       |       |     1 |       |       |       ||     1
Armor: Robe              |     3 |    27 |       |       |       |       ||    30
       Ring mail         |     4 |     3 |       |       |   193 |   252 ||   452
       Leather armour    |       |    12 |    49 |       |       |       ||    61
       Scale mail        |       |       |    28 |   141 |       |       ||   169
       Skin              |       |       |     2 |       |       |       ||     2
Dodge: Dodged            |    23 |    87 |   133 |   212 |   439 |   417 ||  1311
Block: Kite shield       |       |       |       |       |       |   180 ||   180
       Buckler           |       |       |       |       |       |    26 ||    26

Table legend: (Time is in decaauts)
 A = Elapsed time spent in this place.
 B = Non-inter-level travel time spent in this place.
 C = Inter-level travel time spent in this place.
 D = Time resting spent in this place.
 E = Time spent auto-exploring this place.
 F = Levels seen in this place.
 G = Mean time per level.
                   A        B        C        D        E       F      G
               +--------+--------+--------+--------+--------+-----+--------+
         Total |  51721 |  49158 |   2563 |  21972 |  18689 |  27 | 1915.6 |
       Dungeon |  28104 |  26347 |   1757 |  10802 |  10679 |  15 | 1873.6 |
          Lair |  14704 |  14233 |    471 |   6924 |   5519 |   6 | 2450.7 |
         Swamp |     36 |     36 |      0 |      0 |     14 |   1 |   36.0 |
   Spider Nest |   2770 |   2674 |     96 |   1759 |    481 |   2 | 1385.0 |
  Orcish Mines |   5436 |   5199 |    237 |   2179 |   1863 |   2 | 2718.0 |
       Ossuary |    668 |    668 |      0 |    306 |    132 |   1 |  668.0 |
               +--------+--------+--------+--------+--------+-----+--------+

Top non-repeatable levels by time:
  Lair:2: 3846 daAuts
   Orc:1: 3286 daAuts
  Lair:3: 2772 daAuts
Spider:1: 2737 daAuts
     D:2: 2620 daAuts
     D:4: 2598 daAuts
    D:14: 2588 daAuts
  Lair:6: 2428 daAuts
  Lair:4: 2358 daAuts
    D:12: 2296 daAuts
    D:10: 2227 daAuts
   Orc:2: 2149 daAuts
     D:9: 2107 daAuts
  Lair:5: 1898 daAuts
    D:13: 1875 daAuts
